 Dungeon Crawl Stone Soup version 0.29.1-15-g9cfb28693d (webtiles) character file.

Game seed: 3402753347113503042

3154 101zpm the Thaumaturge (level 10, -5/60 HPs)
             Began as a Djinni Fire Elementalist on Mar 20, 2023.
             Slain by Pikel
             ... wielding a +2 whip of freezing
              (9 damage)
             ... on level 8 of the Dungeon.
             The game lasted 00:27:47 (10203 turns).

101zpm the Thaumaturge (Djinni Fire Elementalist)  Turns: 10203, Time: 00:27:48

Health: -5/60      AC:  4    Str:  7    XL:     10   Next: 15%
Gold:   460        EV: 12    Int: 20    God:
                   SH:  0    Dex: 15

rFire   + . .      SeeInvis .   (no weapon)
rCold   + . .      Faith    .   (no shield)
rNeg    . . .      Spirit   .   q - +0 leather armour {rF+}
rPois   ∞          Reflect  .   n - +0 helmet
rElec   .          Harm     .   (no cloak)
rCorr   .          Rampage  .   (no gloves)
Will    +....                   (boots unavailable)
Stlth   ++........              (no amulet)
HPRegen 0.20/turn               F - ring of ice
MPRegen 0.00/turn               H - ring of ice

@: flying
A: sickness immunity, fire resistance 2, cold vulnerability 1, float, innate
caster, HP casting, extra vitality 1
a: no special abilities


You were on level 8 of the Dungeon.
You visited 2 branches of the dungeon, and saw 9 of its levels.

You collected 460 gold pieces.

Inventory:

Hand Weapons
 z - a +2 halberd of freezing
Missiles
 G - 12 boomerangs
Armour
 a - a +0 robe
 n - a +0 helmet (worn)
 q - a +0 leather armour of fire resistance (worn)
Jewellery
 F - a ring of ice (left hand)
 H - a ring of ice (right hand)
Wands
 w - a wand of flame (4)
 x - a wand of quicksilver (8)
 y - a wand of polymorph (8)
Scrolls
 b - 3 scrolls of teleportation {unknown}
 c - 3 scrolls of identify {unknown}
 l - 3 scrolls of noise {unknown}
 o - 2 scrolls of fog {unknown}
 p - a scroll of fear {unknown}
 r - a scroll of brand weapon {unknown}
 s - 2 scrolls of vulnerability {unknown}
 v - 2 scrolls of amnesia {unknown}
 A - 2 scrolls of silence {unknown}
 E - a scroll of magic mapping {unknown}
 I - a scroll of poison {unknown}
 J - a scroll of acquirement {unknown}
 K - 3 scrolls of enchant armour {unknown}
 L - a scroll of blinking {unknown}
Potions
 d - 4 potions of resistance {unknown}
 e - a potion of haste
 f - 2 potions of lignification {unknown}
 g - a potion of invisibility {unknown}
 h - 2 potions of mutation {unknown}
 i - 2 potions of heal wounds {unknown}
 j - a potion of magic {unknown}
 k - a potion of berserk rage {unknown}
 m - 4 potions of curing {unknown}
 t - 2 potions of flight {unknown}
 u - a potion of experience {unknown}
 B - 2 potions of ambrosia {unknown}
 C - 2 potions of degeneration {unknown}
 D - 2 potions of cancellation {unknown}


   Skills:
 + Level 0.3 Fighting
 + Level 3.5 Armour
 + Level 2.5 Dodging
 + Level 3.0 Stealth
 + Level 10.1 Spellcasting


You had 8 spell levels left.
You knew the following spells:

 Your Spells              Type           Power      Damage    Failure   Level
a - Foxfire               Conj/Fire      100%       2x1d9     1%          1
b - Scorch                Fire           100%       2d10      1%          2
c - Conjure Flame         Conj/Fire      50%        6-21      1%          3
d - Inner Flame           Hex/Fire       50%        N/A       1%          3
e - Flame Wave            Conj/Fire      50%        2d12      1%          4
f - Magic Dart            Conj           100%       1d8       1%          1
g - Ensorcelled Hibernat  Hex/Ice        100%       N/A       1%          2
h - Blink                 Tloc           100%       N/A       1%          2
i - Vampiric Draining     Necr           50%        2d9       1%          3
Your spell library was empty.

Dungeon Overview and Level Annotations

Branches:
Dungeon (8/15)             Temple (1/1) D:6
   Lair: D:8-11

Altars:
Ashenzari
Cheibriados
Dithmenos
Elyvilon
Fedhas
Gozag
Hepliaklqana
Makhleb
Nemelex Xobeh
Okawaru
Qazlal
Ru
Trog
Uskayaw
Wu Jian
Xom
Yredelemnul
Zin
The Shining One

Shops:
D:6 *   D:7 =:

Annotations:
D:8 Pikel


Innate Abilities, Weirdness & Mutations

You are immune to sickness and miasma.
You are immune to poison.
Your flesh is very heat resistant. (rF++)
You are vulnerable to cold. (rC-)
You float through the air rather than walking.
You learn spells naturally, not from books.
Your magical power is your life essence.
You have superior vitality. (+4 MHP)


Message History

Your foxfire dissipates!
Pikel attacks as you move away!
Pikel hits you with a +2 whip of freezing.
* * * LOW HITPOINT WARNING * * *
Pikel freezes you.
* * * LOW HITPOINT WARNING * * *
Casting: Scorch (safe; 1% risk of failure)
Confirm with . or Enter, or press ? or * to list all spells.
Okay, then.
Casting: Foxfire (safe; 1% risk of failure)
Press: ? - help, Q - select action, (/) - cycle Dir - look around, f - activate You conjure some foxfire!
* * * LOW HITPOINT WARNING * * *
The lemure is no longer more vulnerable to fire.
Pikel barely misses you.
The foxfire hits Pikel.
Flame seeps out of Pikel.
Pikel is lightly wounded.
The foxfire hits Pikel.
Flame seeps out of Pikel.
Pikel is lightly wounded.
Pikel is engulfed in blazing flames.
Flame seeps out of Pikel.
Casting: Foxfire (safe; 1% risk of failure)
Press: ? - help, Q - select action, (/) - cycle Dir - look around, f - activate You conjure some foxfire!
* * * LOW HITPOINT WARNING * * *
Pikel says, "All the demons know me.
They respect me."
Pikel hits you with a +2 whip of freezing!
* * * LOW HITPOINT WARNING * * *
Pikel attacks as you move away!
Pikel hits you with a +2 whip of freezing.
* * * LOW HITPOINT WARNING * * *
Pikel freezes you.
* * * LOW HITPOINT WARNING * * *
The foxfire hits Pikel.
Flame seeps out of Pikel.
Pikel is severely wounded.
The foxfire hits Pikel.
Flame seeps out of Pikel.
Pikel is severely wounded.
Pikel is engulfed in blazing flames.
Flame seeps out of Pikel.
Pikel attacks as you move away!
Pikel hits you with a +2 whip of freezing!
You die...

o.K5 ####..###~~# .
.c.. #.......~~~# .#
.... #........~###.#
.oc.####........~#...
..555...........##.#
.#o#####.5.........#
#..####...J.....>##
........o........#
##.###.....o..K@<#
................#
.#.###..........# #
#..........#
#....####### #....#
######


You could see Pikel (inner flame), a lemure, a jelly (inner flame), an orc
wizard and an orc (inner flame).

Vanquished Creatures
  A hornet (D:7)
  A shadow (D:6)
  Sigmund (D:4)
  Edmund (D:4)
  Menkaure (D:7)
  A water moccasin (D:6)
  4 ice beasts
  A black bear (D:4)
  2 sky beasts (D:7)
  2 ogres
  2 phantoms
  A kobold brigand (D:6)
  Blork the orc (D:6)
  A gnoll sergeant (D:6)
  A necrophage (D:7)
  4 scorpions
  5 killer bees (D:7)
  A howler monkey (D:4)
  3 hounds (D:6)
  3 jellies
  An orc priest (D:6)
  An iguana (D:6)
  4 orc wizards
  Robin (D:2)
  A gnoll (D:4)
  8 adders
  A shadow imp (D:5)
  4 white imps
  3 ufetubi
  A worm (D:5)
  2 dart slugs
  14 orcs
  9 bats
  11 endoplasms
  5 giant cockroaches
  17 goblins
  9 hobgoblins
  7 quokkas
  7 ball pythons
  2 frilled lizards (D:2)
  10 kobolds
  9 rats
164 creatures vanquished.

Vanquished Creatures (collateral kills)
  2 foxfires (D:5)
2 creatures vanquished.

Vanquished Creatures (others)
  9 demonic plants (D:5)
  514 foxfires
  2 plants (D:4)
525 creatures vanquished.

Grand Total: 691 creatures vanquished

Notes
Turn   | Place    | Note
-------+----------+-------------------------------------------
     0 | D:1      | 101zpm the Djinni Fire Elementalist began the quest for the
                  | Orb.
     0 | D:1      | 101zpm set off with the following spells memorised:
                  | Foxfire, Scorch, Conjure Flame, Inner Flame, Flame Wave.
     0 | D:1      | Reached XP level 1. HP: 15/15 MP: 0/0
   361 | D:1      | Reached XP level 2. HP: 16/21 MP: 0/0
   690 | D:1      | Found a faded altar of an unknown god.
  1310 | D:1      | Reached skill level 3 in Spellcasting
  1385 | D:1      | Reached XP level 3. HP: 22/25 MP: 0/0
  1385 | D:1      | Learned a level 1 spell: Magic Dart
  2238 | D:2      | Reached XP level 4. HP: 28/31 MP: 0/0
  2320 | D:2      | Noticed Robin
  2322 | D:2      | Killed Robin
  3446 | D:3      | Reached XP level 5. HP: 29/35 MP: 0/0
  3446 | D:3      | Learned a level 2 spell: Ensorcelled Hibernation
  3620 | D:3      | Reached skill level 4 in Spellcasting
  4258 | D:3      | Found a basalt altar of Yredelemnul.
  4258 | D:3      | Found a faded altar of an unknown god.
  4266 | D:3      | Found a sparkling altar of Nemelex Xobeh.
  4268 | D:3      | Found a white marble altar of Elyvilon.
  4270 | D:3      | Found a stormy altar of Qazlal.
  4420 | D:4      | Noticed a black bear
  4547 | D:5      | Entered Level 5 of the Dungeon
  4613 | D:5      | Noticed an ice beast
  4618 | D:5      | Killed an ice beast
  4619 | D:5      | Reached XP level 6. HP: 32/40 MP: 0/0
  4698 | D:5      | Noticed an ice beast
  4705 | D:5      | Killed an ice beast
  4706 | D:5      | Reached skill level 5 in Spellcasting
  4709 | D:5      | Reached XP level 7. HP: 29/45 MP: 0/0
  4709 | D:5      | Learned a level 2 spell: Blink
  5127 | D:5      | Reached skill level 6 in Spellcasting
  5874 | D:4      | Found an opulent altar of Gozag.
  5877 | D:4      | Found a bloodstained altar of Trog.
  6322 | D:4      | Reached skill level 1 in Armour
  6322 | D:4      | Reached XP level 8. HP: 42/50 MP: 0/0
  6532 | D:4      | Noticed Edmund
  6536 | D:4      | Killed Edmund
  6585 | D:4      | Noticed Sigmund
  6588 | D:4      | Killed Sigmund
  6589 | D:4      | Reached skill level 7 in Spellcasting
  7148 | D:6      | Noticed a shadow
  7155 | D:6      | Killed a shadow
  7364 | D:6      | Reached XP level 9. HP: 48/55 MP: 0/0
  7364 | D:6      | Learned a level 3 spell: Vampiric Draining
  7384 | D:6      | Reached skill level 8 in Spellcasting
  8049 | D:6      | Found Hadunais's Assorted Antiques.
  8073 | D:6      | Noticed Blork the orc
  8078 | D:6      | Killed Blork the orc
  8367 | D:6      | Found a staircase to the Ecumenical Temple.
  8804 | Temple   | Entered the Ecumenical Temple
  9046 | D:7      | Noticed a hornet
  9053 | D:7      | Killed a hornet
  9054 | D:7      | Reached skill level 9 in Spellcasting
  9436 | D:7      | Found Woysostre's Jewellery Shop.
  9552 | D:7      | Found Iwop's Book Shop.
  9555 | D:7      | Reached XP level 10. HP: 56/60 MP: 0/0
  9588 | D:7      | Noticed Menkaure
  9591 | D:7      | Killed Menkaure
  9688 | D:7      | Reached skill level 10 in Spellcasting
 10183 | D:8      | Noticed Pikel
 10196 | D:8      | HP: 3/60 [Pikel/+2 whip of freezing (3)]
 10203 | D:8      | Slain by Pikel

Illustrated notes

Levels and vault maps discovered:
D:1:      lightli_arrival_chessboard, layout_basic,
          hellmonk_ecumenical_altar_lost_god, minmay_pentomino_w4
D:2:      layout_rooms, kennysheep_pointless_box, minmay_misc_feat_nine_boxes,
          amcnicky_mini_corridor_feature, minivault_11, minmay_small_reverse_x,
          uniq_robin
D:3:      layout_basic, chequers_temple_overflow_minitemple,
          minmay_misc_feat_five
D:4:      minmay_recursive_quarters, layout_loops_ring,
          nicolae_overflow_squiral, sigmund_edmund_badplayer
D:5:      layout_loops_cross, serial_demonic, serial_demonic_c,
          serial_demonic_b, serial_demonic_g, serial_demonic_f
D:6:      hangedman_cross_stitches, layout_basic, minmay_temple_entry_fiery,
          serial_shops, nicolae_shop_trees, uniq_sigmund, uniq_blork_the_orc
D:7:      layout_basic, serial_shops, shop, shop, uniq_menkaure
D:8:      layout_rooms, chequers_serial_rivers_large_b, eino_tiny_chamber,
          uniq_grum, uniq_pikel
Temple:   eino_temple_rhombus

Skill      XL: |  1  2  3  4  5  6  7  8  9 10 |
---------------+-------------------------------+-----
Spellcasting   | 3 4 5 6 7 9 10 | 10.1
Stealth        | 2 3 |  3.0
Armour         | 1 2 3 |  3.5
Fighting       | |  0.3
Dodging        | |  2.5

Action                   |  1- 3 |  4- 6 |  7- 9 | 10-12 || total
-------------------------+-------+-------+-------+-------++-------
 Cast: Foxfire           |    65 |   102 |   150 |    14 ||   331
       Magic Dart        |    43 |    10 |       |       ||    53
       Scorch            |       |    16 |    42 |     9 ||    67
       Inner Flame       |       |     5 |    40 |     7 ||    52
       Ensorcelled Hiber |       |     1 |       |       ||     1
Armor: Robe              |     3 |       |       |       ||     3
       Leather armour    |       |       |     1 |     1 ||     2
Dodge: Dodged            |     1 |     2 |     3 |     1 ||     7
